[Event "Czech Championship 2022"]
[Site "Usti nad Labem"]
[Date "2022.05.20"]
[Round "7.6"]
[White "Stalmach, Richard"]
[Black "Nemec, Jachym"]
[Result "1/2-1/2"]
[ECO "D17"]
[WhiteElo "2350"]
[BlackElo "2367"]
[Annotator "TA"]
[PlyCount "133"]
[EventDate "2022.05.12"]
[EventType "swiss"]
[EventCountry "CZE"]
[SourceTitle "playchess.com"]
[Source "ChessBase"]
[SourceQuality "1"]
[TimeControl "40/5400+30:1800+30"]

1. d4 d5 2. c4 c6 3. Nc3 Nf6 4. Nf3 dxc4 5. a4 Bf5 6. Ne5 Nbd7 7. Nxc4 Nb6 8. Ne5 a5 9. f3 {[%emt 0:06:14] D17: Slav Defence: 5 a4 Bf5: Lines with 6 Nh4 and 6 Ne5.} Nfd7 10. Nxd7 Nxd7 11. e4 Bg6 12. Bf4 {[%emt 0:09:38] [#]} e6 $146 ({Predecessor:} 12... Qb6 13. Qd2 Rd8 14. Rd1 f6 15. d5 e5 16. dxe6 Nc5 17. Qxd8+ Qxd8 18. Rxd8+ Kxd8 {½-½ (49) Knopf,F (1929)-De Visser,L (2204) Germany 2014}) 13. Bc4 Qb6 14. Qb3 Qb4 15. Bd2 Be7 16. Rc1 (16. h4 $14 h6 17. Ne2 Qxb3 18. Bxb3) 16... O-O (16... e5 $11) 17. Ne2 $14 Qxb3 18. Bxb3 Rfd8 19. h4 {[%emt 0:01:36] Threatens to win with h5.} h6 20. Nf4 Bh7 21. Nd3 Bd6 (21... Bf6 $11) 22. Ke2 Kf8 23. Be3 Ke7 24. g4 Rac8 25. g5 e5 (25... h5 $16 {was worth a try.}) 26. gxh6 exd4 27. Bxd4 gxh6 28. Be3 {[%emt 0:01:29] White is much more active.} Ne5 29. Nc5 (29. Bxh6 $2 Nxd3 30. Rcd1 Nc5 $19) (29. Nxe5 $16 Bxe5 30. Rc5 (30. Bxh6 Bxb2 31. Rc2 Bd4 $16) 30... Bxb2 31. Rxa5 (31. Bxh6 b6 $16)) 29... Rb8 30. Rhg1 Bg6 31. Bc2 (31. Bxh6 $11 Bh5 32. Bg5+ f6 33. Bf4 Bxf3+ 34. Kf2 Bxc5+ 35. Rxc5 Nd3+ 36. Kxf3 Nxc5 37. Bc4 (37. Rg7+ Kf8 $14)) 31... Bh5 $15 32. Rcf1 Rg8 ({Better is} 32... Nc4 $15 33. e5 Bxe5 34. Bxh6 Rd5) 33. Nd3 $11 Rxg1 34. Bxg1 Rg8 {[%emt 0:02:11] aiming for ...Nxf3.} 35. Ne1 (35. Nxe5 $11 {remains equal.} Rg2+ 36. Kd3 Bxe5 37. Bb6) 35... Bb4 36. Bd4 Ng6 (36... f6 $15) 37. Bf2 (37. Ng2 $11 {keeps the balance.}) 37... Nf4+ $17 38. Ke3 Bxe1 ({Black should play} 38... Ng2+ $17 39. Nxg2 Rxg2) 39. Bxe1 $11 Ng2+ 40. Kf2 $1 Nxh4 $2 (40... Nxe1 $11 41. Rxe1 Rd8) 41. Rh1 $2 (41. Bd1 $1 $18) 41... Rg2+ $17 42. Ke3 Nxf3 ({Resist} 42... Rxc2 43. Bxh4+ (43. Rxh4 Bg6 $11) 43... f6 44. Bxf6+ $1 Kxf6 45. Rxh5 $14) 43. Bxa5 Nh2 (43... Bg4 $17 44. Bb4+ Ke8) 44. Kd3 ({White should try} 44. Bb4+ $15 Ke8 45. Rc1) 44... Bg6 {[%emt 0:01:13][%cal Og2c2] ...Rxc2! is the strong threat.} 45. Bd1 h5 46. Bc7 Ng4 47. Bxg4 hxg4 {[%emt 0:01:30][%mdl 4096] Endgame KRB-KRB} 48. Rh4 Kf6 49. Bd8+ (49. Rh2 $142 Rg1 50. Rf2+ Ke6 51. Ke3) 49... Ke6 50. Ke3 Rxb2 51. Rxg4 {[%emt 0:00:05] [#]} Rb3+ $1 52. Kf2 Rb4 53. a5 Bxe4 ({Worse is} 53... Rxe4 54. Rxe4+ Bxe4 55. Ke3) 54. Ke3 (54. Bb6 {might work better.}) 54... f5 $19 55. Rg7 Kd5 (55... Rb3+ $19 56. Kf2 c5 57. Rg6+ Kf7) 56. Bb6 $17 Rb3+ 57. Kf2 f4 58. Rd7+ Ke5 (58... Ke6 $19 59. Rxb7 Rb2+ 60. Kg1 c5) 59. Rxb7 $15 Rb2+ 60. Ke1 {[%emt 0:00:13] And now Bc7+ would win.} Kf5 (60... Rb1+ $15 61. Kd2 Ra1) 61. Re7 (61. a6 $11) 61... Bd3 (61... f3 $17) 62. Rd7 $11 Bb5 63. Rd2 Rb1+ 64. Rd1 $1 Rxd1+ 65. Kxd1 {[%emt 0:00:07] The position is equal.} Ke4 66. Kd2 Ba6 67. Kc3 {[%emt 0:00:21] White used his chance.  Weighted Error Value: White=0.31/Black=0.27 (precise)} 1/2-1/2

[Event "Czech Championship 2022"]
[Site "Usti nad Labem"]
[Date "2022.05.20"]
[Round "7.7"]
[White "Bouska, Jiri"]
[Black "Krejci, Jan"]
[Result "0-1"]
[ECO "B46"]
[WhiteElo "2117"]
[BlackElo "2520"]
[Annotator "TA"]
[PlyCount "102"]
[EventDate "2022.05.12"]
[EventType "swiss"]
[EventCountry "CZE"]
[SourceTitle "playchess.com"]
[Source "ChessBase"]
[SourceQuality "1"]
[TimeControl "40/5400+30:1800+30"]

1. e4 c5 2. Nf3 e6 3. d4 cxd4 4. Nxd4 Nc6 5. Nc3 a6 6. Nxc6 bxc6 7. Bd3 d5 8. O-O Nf6 9. Bg5 Be7 {[%emt 1:34:14] B46: Sicilian: Taimanov: 5 Nc3 a6.} 10. e5 Nd7 11. Bxe7 Qxe7 {[%emt 0:00:00] The position is equal.} 12. Qg4 g6 (12... O-O {looks sharper.} 13. Rae1 a5 14. Na4 Ba6) 13. Rfe1 Rb8 14. Rab1 {[%emt 0:00:00] [#]} h5 $146 ({Predecessor:} 14... O-O 15. g3 f6 16. exf6 Nxf6 17. Qe2 a5 18. Qe5 Bd7 19. h3 Rbe8 20. Bf1 Qc5 {0-1 (32) Phillips,R-Moffat,A (2105) Victoria 2012}) 15. Qe2 a5 16. Qd2 {[%emt 0:00:00] Prevents Qg5.} h4 17. Ne2 (17. h3 $11) 17... h3 $15 18. Nf4 hxg2 19. Nxg2 Qb4 20. Qg5 Qe7 (20... Rb6 $17) 21. Qg3 (21. Qd2 $1 $11) 21... Bb7 22. Be2 c5 23. Bf3 a4 24. c4 (24. b3 $15 {was preferrable.}) 24... d4 25. Bxb7 Rxb7 26. b3 Kf8 27. f4 ({White should try} 27. Nf4 Ra7 28. Nd3) 27... a3 (27... axb3 $17 {White must now prevent ...b2.} 28. axb3 Ra7) 28. Kf2 (28. Re2 $15) 28... Rh5 29. Rg1 Nb6 30. Rbd1 $2 {[%emt 0:00:00] [#]} (30. h3 $17) 30... Qc7 $2 (30... Nxc4 $1 $19 31. bxc4 Rb2+ 32. Kf1 Qb7) 31. Ne1 $17 Nc8 32. Nd3 (32. h4 $142) 32... Ne7 {[%emt 0:00:00] ...Nf5 is the strong threat.} 33. h3 Nf5 34. Qf3 Rb8 35. Ke2 Ke7 36. Nf2 Rbh8 $1 37. Rd3 Ne3 38. Rg3 {[%emt 0:01:10] Prevents g5.} Rh4 {[%emt 0:03:10] Black is much more active.} 39. Ne4 (39. Rxe3 $142 dxe3 40. Qxe3) 39... Qc6 $1 40. Ng5 (40. Kf2 $17) 40... Qxf3+ $19 41. Kxf3 Kd7 $2 (41... Rf8 $1 $19 {Strongly threatening ...f6.} 42. Ne4 Nf5) 42. Ke4 (42. b4 $11) 42... Ke7 $2 (42... Kc6 $15) 43. Kf3 {[%emt 0:00:24] [#]} R8h5 $2 ({Better is} 43... Rf8 $1 $19 {Threatens to win with ...f6.} 44. Ne4 Nf5) 44. Rg1 $2 {[%emt 0:06:36][%mdl 8192] [#]} (44. b4 $1 $15) 44... f6 $1 45. exf6+ Kxf6 {[%emt 0:00:01] Really sharp!} 46. Ne4+ Ke7 47. Rxg6 $2 (47. Ng5 {was called for.}) 47... Rf5 48. Rg4 ({Inferior is} 48. Rg7+ Kf8 49. Rg4 Rxh3+ 50. Rg3 Rh4 $19) (48. Ke2 $142 Rhxf4 49. Rxe3 dxe3 50. Kxe3 (50. Rg4 $2 Rxg4 51. hxg4 Rf4 $19)) 48... Rxh3+ 49. Ng3 Nxg4 50. Kxg4 {[%emt 0:00:26] [#]} Rfh5 $3 51. Rf3 (51. b4 R5h4+) 51... R3h4# {[%emt 0:16:16] Weighted Error Value: White=0.71/Black=0.35} 0-1

[Event "Czech Championship 2022"]
[Site "Usti nad Labem"]
[Date "2022.05.20"]
[Round "7.8"]
[White "Stinka, Jakub"]
[Black "Rasik, Vitezslav"]
[Result "0-1"]
[ECO "E71"]
[WhiteElo "2345"]
[BlackElo "2433"]
[Annotator "TA"]
[PlyCount "56"]
[EventDate "2022.05.12"]
[EventType "swiss"]
[EventCountry "CZE"]
[SourceTitle "playchess.com"]
[Source "ChessBase"]
[SourceQuality "1"]
[TimeControl "40/5400+30:1800+30"]

1. d4 d6 2. c4 g6 3. Nc3 Bg7 4. e4 Nf6 5. h3 O-O 6. Bg5 Na6 7. Bd3 e5 8. d5 c6 9. Nge2 cxd5 {[%emt 0:00:21] E71: King's Indian: 4 e4 d6 5 h3.} 10. exd5 {[%emt 0:00:22] [#]} (10. Nxd5 {with more complications.} Nc5 11. Nec3 Ne6 12. Bh4) 10... Qc7 $146 ({Predecessor:} 10... h6 11. Be3 Nd7 12. O-O f5 13. f4 e4 14. Bb1 Nb6 15. b3 Nc5 16. Bc2 Bd7 17. Bd4 {½-½ (39) Kazhgaleyev,M (2602)-Zhou,J (2516) Hyderabad 2005}) 11. O-O Ne8 {[%emt 0:04:18] The position is equal.} 12. Nb5 Qd7 13. Be3 b6 14. Qd2 f5 {[%emt 0:05:17] Hoping for ...f4.} 15. f4 Nc5 16. Bc2 Nf6 17. Nbc3 a5 18. Rab1 Ba6 19. b3 Rfe8 20. Ng3 b5 21. fxe5 Rxe5 22. Bd4 {[%emt 0:00:33] [#]} bxc4 $1 23. b4 {[%emt 0:07:22] Now White is beyond hope.} (23. Bxe5 $11 dxe5 24. bxc4) (23. bxc4 Bxc4) 23... axb4 $19 24. Rxb4 {[%emt 0:00:02] [#]} Nd3 ({Weaker is} 24... Nxd5 25. Bxe5 Nxb4 26. Bxf5 $17) 25. Rb6 Nxd5 26. Ba4 $2 (26. Bxd3 {is more resistant.} Nxb6 27. Bxf5 gxf5 28. Bxb6) 26... Qa7 {[%emt 0:04:50] Black is clearly winning.} 27. Bxe5 Qxb6+ 28. Kh1 Qe3 {[%emt 0:02:39] Weighted Error Value: White=0.56/Black=0.06 (flawless)} 0-1

[Event "Czech Championship 2022"]
[Site "Usti nad Labem"]
[Date "2022.05.20"]
[Round "7.9"]
[White "Mikes, Jan"]
[Black "Babula, Vlastimil jr"]
[Result "1/2-1/2"]
[ECO "B23"]
[WhiteElo "2349"]
[BlackElo "2217"]
[Annotator "TA"]
[PlyCount "98"]
[EventDate "2022.05.12"]
[EventType "swiss"]
[EventCountry "CZE"]
[SourceTitle "playchess.com"]
[Source "ChessBase"]
[SourceQuality "1"]
[TimeControl "40/5400+30:1800+30"]

1. e4 c5 2. Nc3 Nc6 3. Bb5 Nd4 4. Nf3 a6 5. Bd3 Nc6 6. O-O {[%emt 0:00:08] B23: Closed Sicilian: Lines without g3.} d6 7. a3 e6 8. Rb1 {[%emt 0:00:56] [#]} b5 $146 ({Predecessor:} 8... Nge7 9. b4 b6 10. b5 axb5 11. Nxb5 Ng6 12. Bb2 Bd7 13. Re1 Nce5 14. Bf1 Be7 {1-0 (39) Guseinov,G (2666)-Palliser,R (2399) Chess.com INT 2020}) 9. Re1 (9. b4 $11) 9... g6 (9... g5 $15 10. g3 Bg7) 10. b4 cxb4 11. axb4 Bg7 12. Bf1 e5 (12... Qb6 $11) 13. Nd5 $14 Nge7 14. c4 (14. d4 {is more complex.} exd4 15. Bg5 h6 16. Bf6) 14... bxc4 15. Bxc4 O-O 16. d3 h6 17. Qa4 {[%emt 0:17:15] Threatens to win with b5. 0x0.000843195b33dp-1022s more active pieces.} Bd7 18. Qa2 a5 19. Nxe7+ ({Don't play} 19. b5 Nxd5 20. exd5 (20. Bxd5 Nb4 $15) (20. bxc6 Nb4 $11) 20... Nb4 $11) 19... Qxe7 20. b5 Nb4 {[%emt 0:03:29] [#]} 21. Qa4 Rfb8 22. Bd2 Qe8 23. Bxb4 axb4 24. Qxb4 Bf8 $1 25. Qb3 Rb6 26. Ra1 {[%emt 0:09:23][%cal Oc4f7] Black must now prevent Bxf7+!} Rab8 27. Ra7 Be7 $1 {[%emt 0:00:54][%cal Rd7b5] [#] Inhibits Nh4.} 28. Bxf7+ $1 Qxf7 29. Qxf7+ Kxf7 30. Rxd7 Ke6 31. Ra7 Bf6 ({Black should try} 31... Rxb5 32. d4 R8b7) 32. Nd2 Rxb5 33. Kf1 Rb2 (33... Bd8 $142) 34. Nc4 $16 Rc2 35. g3 h5 36. h4 Rb3 37. Rd1 Rb8 38. Ne3 Rcb2 39. Nd5 Rf8 40. f4 (40. Rc1 $18 {Strongly threatening Rcc7.} Bd8 41. f4) 40... Rc8 41. fxe5 (41. Nc7+ $16 Rxc7 42. Rxc7) 41... Rcc2 $1 $11 42. Nf4+ Kxe5 43. Rf7 {[%emt 0:00:00] And now d4+ would win.} Bd8 $1 44. Nxg6+ Ke6 (44... Kd4 $5 ) 45. Rf3 Bb6 {[%emt 0:01:28] ( -> ...Rh2)} 46. Nf4+ Kd7 {[%emt 0:00:57] Hoping for ...Rh2.} 47. Nd5 (47. Nxh5 {gets mated.} Rh2 48. Nf6+ Ke6) 47... Rh2 {[%emt 0:01:53][%cal Rh2h1] The position is equal.} 48. Nxb6+ Kc6 49. Kg1 {[%emt 0:00:22] Against Rh1+. Nd5 is the strong threat.} Rbg2+ {[%emt 0:00:24] Black defended with fortune.  Weighted Error Value: White=0.15 (very precise) /Black=0.11 (very precise)} (49... Rhg2+ $11 {keeps the balance.} 50. Kf1 Rh2) 1/2-1/2

[Event "Czech Championship 2022"]
[Site "Usti nad Labem"]
[Date "2022.05.20"]
[Round "7.10"]
[White "Krivanek, Vladimir"]
[Black "Sorm, Daniel"]
[Result "0-1"]
[ECO "A00"]
[WhiteElo "2180"]
[BlackElo "2306"]
[Annotator "TA"]
[PlyCount "78"]
[EventDate "2022.05.12"]
[EventType "swiss"]
[EventCountry "CZE"]
[SourceTitle "playchess.com"]
[Source "ChessBase"]
[SourceQuality "1"]
[TimeControl "40/5400+30:1800+30"]

1. Nc3 d5 2. e4 d4 3. Nce2 e5 4. Ng3 Be6 5. Nf3 f6 6. c3 {[%emt 0:00:12] [#] A00: Irregular Openings.} d3 $1 7. Nh4 {[%emt 0:08:02] [#]} c5 $1 {[%emt 0:01:32] Active counter play!} 8. b3 {[%emt 0:05:23] [#]} (8. Qa4+ $17 Nc6 9. Qb5) 8... g6 $146 ({Predecessor:} 8... Nc6 9. Qf3 c4 10. bxc4 Bxc4 11. Nhf5 Nge7 12. Ne3 b5 13. Nd1 Qd7 14. a4 Ng6 15. axb5 Bxb5 {0-1 (32) Grabenhorst,J-Blees,A (2420) Hamburg 1995}) 9. Rb1 (9. Ba3 $142 Qd6 10. Qb1) 9... Qd7 10. c4 Nc6 11. a3 O-O-O 12. Bb2 Nh6 13. Rc1 f5 14. Rc3 f4 15. Rxd3 Qe7 {[%emt 0:00:11] ...Rxd3 is the strong threat.} 16. Rxd8+ Qxd8 17. Nf3 fxg3 18. hxg3 Ng4 19. Be2 Qf6 20. O-O h5 21. b4 (21. Nh4 $142) 21... Rh7 22. Qa4 Kb8 23. Rb1 $2 (23. Bc3) 23... Bc8 {[%emt 0:04:41] Strongly threatening ...h4.} 24. Qb5 (24. Rf1 $142 cxb4 25. axb4 Bxb4 26. Bd1) 24... Rd7 {[%emt 0:06:11][%cal Od7d2] Hoping for ...Rxd2!} 25. Bc3 Nd4 26. Bxd4 exd4 ({Not} 26... cxd4 $2 27. c5 $19) 27. bxc5 Rc7 {[%emt 0:02:19] Inhibits c6.} 28. c6 Qxc6 (28... Rxc6 $142 29. Qd5 Rb6 30. Rxb6 Qxb6) 29. Qb3 {[%emt 0:04:40] Against Rb6} (29. Qxc6 {nothing else works.} Rxc6 30. Nxd4) 29... Qxe4 30. Bd3 Qc6 31. Qc2 (31. Re1 $142) 31... Bxa3 {[%emt 0:01:46] Black is clearly winning.} 32. Rf1 Qc5 33. Qa4 Bd7 34. Qb3 g5 35. Nxd4 Qxd4 36. Qxa3 Bc8 {[%emt 0:00:35][%cal Og4f2] And now ...Nxf2! would win.} 37. Bg6 h4 38. c5 Qxc5 39. Qf3 (39. Qxc5 $142 Rxc5 40. f3) 39... Ne5 {[%emt 0:04:09][%csl LRf3,LRg6] White did not feel at home in the position after the opening.  Weighted Error Value: White=0.92/Black=0.42} 0-1

[Event "Czech Championship 2022"]
[Site "Usti nad Labem"]
[Date "2022.05.20"]
[Round "7.11"]
[White "Finek, Vaclav"]
[Black "Buchcar, Tomas"]
[Result "1-0"]
[ECO "D23"]
[WhiteElo "2410"]
[BlackElo "2183"]
[Annotator "TA"]
[PlyCount "101"]
[EventDate "2022.05.12"]
[EventType "swiss"]
[EventCountry "CZE"]
[SourceTitle "playchess.com"]
[Source "ChessBase"]
[SourceQuality "1"]
[TimeControl "40/5400+30:1800+30"]

1. c4 Nf6 2. Nf3 c6 3. d4 d5 4. Qc2 dxc4 5. Qxc4 Bf5 6. g3 e6 7. Bg2 Nbd7 8. O-O Be7 9. e3 O-O {[%emt 0:00:09] D23: Queen's Gambit Accepted: 3 Nf3 Nf6 sidelines.} 10. Qe2 $1 {[%emt 0:00:06] 10.Qe2 scores better than 10.Rd1.} Rc8 11. Nc3 Bg6 {[%emt 0:06:18] The position is equal.} 12. Rd1 {[%emt 0:07:00] [#]} Re8 $146 ({Predecessor:} 12... b5 13. b3 b4 14. Na4 Ne4 15. Bb2 Qa5 16. Rac1 c5 17. Ne5 Nxe5 18. dxe5 Rfd8 19. Qc4 Nd2 20. Qe2 Ne4 21. Qc4 Nd2 22. Qe2 Ne4 {½-½ (22) Xu,Z (2515)-Kacharava,N (2453) Chess.com INT 2021}) 13. h3 (13. e4 $14) 13... b5 14. a3 Qc7 15. Nh4 a6 16. Nxg6 hxg6 17. e4 e5 18. dxe5 Nxe5 19. f4 Bc5+ 20. Kh2 Nc4 21. e5 g5 {[%emt 0:24:01] [#]} (21... Nb6 $142) 22. Qf3 $1 $16 g4 23. hxg4 Rxe5 24. g5 ({But not} 24. fxe5 $2 Nxe5 25. Kh3 Nxf3 26. Bxf3 Bd6 $19) 24... Rxg5 25. fxg5 Ne5 {[%emt 0:00:30] [#] Strongly threatening ...Nfg4+.} 26. gxf6 Nxf3+ 27. Bxf3 Bd6 {[%emt 0:01:17] Prevents Bf4.} 28. Ne4 Be5 {[%emt 0:00:42] [#]} 29. Bg5 gxf6 (29... Rd8 $16 30. Rxd8+ Qxd8) 30. Bxf6 Bxf6 31. Nxf6+ Kg7 32. Nh5+ Kf8 33. Rac1 Qe5 34. Rc2 c5 (34... Qg5 $142 35. Nf4 Qf5) 35. Rd5 $18 Qe3 36. Kg2 c4 37. Re2 Qb6 38. Rd7 Re8 {[%emt 0:01:46] Hoping for ...Rxe2+.} 39. Rf2 Re7 $2 (39... Rd8 40. Rd5 Qa5) 40. Rd5 Re1 41. Rf5 Qe3 42. g4 $2 ({Weaker is} 42. Bd5 Re2 43. Rxf7+ Ke8 44. Ng7+ Kd8 45. Ne6+ Kc8 46. Rxe2 Qxe2+ 47. Rf2 Qe1 $18) (42. Bc6 $18 Ke7 43. Rxf7+ Kd6 44. R7f6+ Ke7 45. Ng7) 42... Rh1 $1 $11 43. Ng3 Rh2+ {[%emt 0:00:00][%mdl 64] Decoy} 44. Kxh2 {[%emt 0:00:03] Threatening mate with Bd5.} Qxf2+ 45. Kh3 {[%emt 0:00:03] aiming for g5.} Qxb2 {[%emt 0:00:00] Threatens to win with ...c3.} 46. g5 {[%emt 0:00:16] And now g6 would win.} Qh8+ $2 (46... Ke8 $11 {and Black stays safe.} 47. Bc6+ Ke7) 47. Bh5 $18 Kg8 (47... f6 {was called for.} 48. Kg2 (48. Rxf6+ Ke7 $16) (48. gxf6 c3 $16) 48... Qh7 49. Rxf6+ Kg8) 48. Rxf7 {[%emt 0:01:27] Black must now prevent Rd7.} Qe5 49. Nf5 {[%emt 0:03:59] White mates.} Qe6 50. Rf6 Qd7 51. Bf7+ {[%emt 0:00:27] Weighted Error Value: White=0.17 (very precise) /Black=0.65} 1-0

[Event "Czech Championship 2022"]
[Site "Usti nad Labem"]
[Date "2022.05.20"]
[Round "7.12"]
[White "Mica, Marek"]
[Black "Pokrupa, Marek"]
[Result "1-0"]
[ECO "E71"]
[WhiteElo "2343"]
[BlackElo "2117"]
[Annotator "TA"]
[PlyCount "43"]
[EventDate "2022.05.12"]
[EventType "swiss"]
[EventCountry "CZE"]
[SourceTitle "playchess.com"]
[Source "ChessBase"]
[SourceQuality "1"]
[TimeControl "40/5400+30:1800+30"]

1. d4 d6 2. c4 Nf6 3. Nc3 g6 4. e4 Bg7 5. h3 c5 6. Nf3 {[%emt 0:00:39] E71: King's Indian: 4 e4 d6 5 h3.} Qa5 {[%emt 0:06:13] Hoping for ...Nxe4.} 7. Bd3 cxd4 8. Nxd4 {[%emt 0:00:14] White is slightly better.} Nc6 9. Be3 Nxd4 10. Bxd4 O-O 11. O-O {[%emt 0:01:48] [#]} a6 $146 ({Predecessor:} 11... Be6 12. Rc1 Rfc8 13. b3 a6 14. Qe2 Rab8 15. Ba7 Ra8 16. Bd4 Rab8 17. Ba7 Ra8 18. Bd4 Rab8 {½-½ (18) Martinovic,S (2542)-Lagarde,M (2647) Terme Catez 2021}) 12. a3 e5 13. Be3 Be6 14. Nd5 Nd7 {[%emt 0:03:06] Prevents Bb6.} 15. Qe2 {[%emt 0:13:38][%cal Oe3b6] White is more active.} f5 $2 {[%emt 0:07:25] [#] This costs Black the game.} (15... Qd8 $14) 16. Bb6 $1 $18 Nxb6 17. b4 {[%emt 0:00:08][%mdl 64] Deflection} Qa4 {[%emt 0:22:29] Threatens to win with ...Nxd5.} 18. Nxb6 Qc6 19. Nxa8 fxe4 $2 (19... Rxa8 20. Rac1 Rd8) 20. Bxe4 {[%emt 0:00:52][%cal Bd3e4,Be4c6,Bc6b7][%mdl 32] White is clearly winning.} Bxc4 21. Bxc6 Bxe2 {[%emt 0:00:07] [#]} 22. Bxb7 $1 {[%emt 0:00:15] Weighted Error Value: White=0.05 (flawless) /Black=0.61} 1-0

[Event "Czech Championship 2022"]
[Site "Usti nad Labem"]
[Date "2022.05.20"]
[Round "7.13"]
[White "Bokhnak, Timofey"]
[Black "Brejnik, Gustav"]
[Result "0-1"]
[ECO "B13"]
[WhiteElo "2060"]
[BlackElo "2246"]
[Annotator "TA"]
[PlyCount "136"]
[EventDate "2022.05.12"]
[EventType "swiss"]
[EventCountry "CZE"]
[SourceTitle "playchess.com"]
[Source "ChessBase"]
[SourceQuality "1"]
[TimeControl "40/5400+30:1800+30"]

1. e4 c6 2. d4 d5 3. exd5 cxd5 4. Bd3 Nc6 5. c3 Qc7 6. Ne2 Bg4 7. O-O {[%emt 0:00:16] B13: Caro-Kann: Exchange Variation and Panov-Botvinnik Attack.} Nf6 8. Qe1 e6 9. h3 {[%emt 0:01:14] The position is equal.} Bxe2 10. Qxe2 Bd6 11. Nd2 {[%emt 0:01:43] [#]} g5 $146 ({Predecessor:} 11... O-O 12. Nf3 Bf4 13. Re1 Rac8 14. g3 Bxc1 15. Raxc1 Rfe8 16. Kg2 a6 17. h4 h6 {1-0 (62) Socko,M (2456)-Houska,J (2374) Germany 2015}) 12. Nf3 g4 (12... h6 $11) 13. hxg4 $16 Nxg4 14. Ng5 (14. Bg5 $16) 14... Nf6 (14... h5 $1 $14) 15. Qf3 (15. Re1 $1 $16) 15... Qe7 $14 16. Re1 O-O-O 17. Nh3 h6 {[%emt 0:03:37] Against Bg5} 18. b4 (18. Bf4 $16) 18... Kb8 19. Bf4 Bxf4 20. Qxf4+ (20. Nxf4 $5 Rhg8 21. a4 $11) 20... Ka8 21. a4 Rdg8 22. Qf3 Rg4 23. Bf5 (23. a5 $1 $14) 23... Rg7 24. Nf4 Qd6 25. Bd3 (25. Bh3 $15 Ne4 26. Rxe4 dxe4 27. Qxe4) 25... Rhg8 $17 26. b5 Na5 (26... Ne7 $17) 27. Re5 (27. g3 $1 $11 {remains equal.}) 27... Nb3 {[%emt 0:07:17] Pair of Knights!} (27... Qc7 $1 $17 28. Rc1 Rg4) 28. Rd1 $15 {[%emt 0:00:32] [#]} Nc5 $1 $36 {[%emt 0:00:17][%cal Og7g4][%mdl 2048] Black has some pressure.} 29. a5 (29. g3 Ncd7) 29... Nce4 ({Black should try} 29... Ncd7 $17 30. Re3 Rg4) 30. Bxe4 (30. c4 $15) 30... dxe4 $19 (30... Nxe4 31. a6 $17) 31. Qe2 (31. Rxe4 Nxe4 32. Qxe4) 31... Nd5 32. Nxd5 (32. Qxe4 $142 Nxc3 33. Qf3 Nxd1 34. a6) 32... Rxg2+ (32... exd5 33. f3 $17) 33. Kh1 exd5 34. Qh5 (34. Re8+ $142 Rxe8 35. Kxg2) 34... Rxf2 $2 (34... Qd8 {( -> ...R2g4)} 35. Qxh6 R2g6) 35. Rg1 Rc8 36. Qg4 $2 {[%emt 0:03:57] This move loses the game for White.} (36. Rxd5 $17 {was necessary.} Rh2+ 37. Qxh2 Qxd5 38. Qe5) 36... Rd8 37. Rg2 (37. a6 $142) 37... Rf1+ 38. Rg1 Rf3 39. c4 dxc4 40. Qxe4 Rh3+ 41. Kg2 f5 42. Qxf5 Rh4 {[%emt 0:01:04] The board is on fire.} (42... Qxd4 $2 43. Kxh3 Qxg1 44. Qf3 $19) 43. Rge1 Rxd4 ({But not} 43... Rg8+ $2 44. Kf3 Qd8 45. d5 $19) 44. Re8 (44. a6 {was the only chance.}) 44... Rd2+ 45. Kf1 Qd3+ 46. Qxd3 R2xd3 {[%emt 0:00:05][%mdl 4096] Endgame KRR-KRR} 47. R1e4 Kb8 {[%emt 0:01:16] Threatens to win with ...c3.} 48. Rxd8+ Rxd8 49. Rxc4 {[%emt 0:00:00] KR-KR} Rd5 50. Rb4 Kc7 51. Kf2 (51. Rc4+ {might work better.} Kd6 52. a6) 51... Kd6 52. a6 $2 (52. Ke3 {is a better chance.}) 52... b6 {[%emt 0:01:13] Strongly threatening ...Kc5.} 53. Rf4 Ke6 {[%emt 0:01:31] Against Rf7. And now ...Rf5 would win.} 54. Re4+ Re5 55. Rc4 (55. Rg4 Kd6 56. Kf3) 55... Rxb5 {[%emt 0:01:24] Black is clearly winning.} ({Inferior is} 55... Rf5+ 56. Ke3 $11) 56. Rc7 {[%emt 0:00:09] [#]} Rf5+ $1 57. Ke3 {[%emt 0:00:06] [#]} Rf7 $1 ({Worse is} 57... Re5+ 58. Kf4 $15) 58. Rc6+ Kd5 59. Rxh6 Kc5 {[%emt 0:00:38] aiming for ...Rd7.} 60. Rh5+ Kc4 61. Re5 Rd7 62. Rh5 Rd3+ 63. Ke2 Ra3 64. Kd2 Rxa6 65. Rh4+ Kb3 66. Rh3+ Kb2 67. Rh5 Ra5 68. Rh4 Rd5+ {[%emt 0:00:37] Weighted Error Value: White=1.03/Black=0.39} 0-1

[Event "Czech Championship 2022"]
[Site "Usti nad Labem"]
[Date "2022.05.20"]
[Round "7.14"]
[White "Vojta, Jakub"]
[Black "Soucek, Petr"]
[Result "1/2-1/2"]
[ECO "A29"]
[WhiteElo "2396"]
[BlackElo "2177"]
[Annotator "TA"]
[PlyCount "61"]
[EventDate "2022.05.12"]
[EventType "swiss"]
[EventCountry "CZE"]
[SourceTitle "playchess.com"]
[Source "ChessBase"]
[SourceQuality "1"]
[TimeControl "40/5400+30:1800+30"]

1. c4 e5 2. g3 Nf6 3. Bg2 d5 4. cxd5 Nxd5 5. Nc3 Nb6 6. Nf3 Nc6 7. O-O Be7 8. b3 O-O 9. Bb2 Re8 10. Rc1 Bf8 {[%emt 0:01:21] The position is equal.} 11. d3 {[%emt 0:03:02] 11.Ne4 injects fresh life into this line. A29: English Opening: Four Knights Variation with 4 g3.} a5 12. Nd2 Be6 13. Nc4 (13. Bxc6 $5 bxc6 14. Qc2 $11) 13... f6 14. Nxb6 cxb6 {[%emt 0:00:26] [#]} 15. Qd2 $146 ({Predecessor:} 15. e3 Qd7 16. Na4 Rad8 17. d4 exd4 18. Nxb6 Qd6 {½-½ (18) Vaillant,F (2168)-Pedersen,S (2132) ICCF email 2015}) 15... Bb4 16. e3 Bxc3 17. Bxc3 ({Of course not} 17. Qxc3 Nb4 18. Rb1 (18. Bxb7 $2 Ra7 $19) 18... Nxa2 $17) 17... Bd5 18. Rfd1 Bxg2 19. Kxg2 Qd5+ 20. e4 Qb5 21. Qe3 Rad8 22. d4 exd4 23. Bxd4 Qb4 24. Bxb6 Rxd1 25. Rxd1 Qxe4+ 26. Qxe4 (26. Kg1 {seems wilder.} Re5 27. Qxe4 Rxe4 28. Kf1) 26... Rxe4 $11 {[%emt 0:00:09][%cal Be8e4,Be4a4,Ba4a2][%mdl 32] KRB-KRN} 27. Rd7 a4 28. bxa4 Rxa4 29. Rxb7 {[%emt 0:00:11] next Rc7 is good for White.} Rxa2 30. Be3 Ne5 31. h3 {[%emt 0:00:18] An interesting draw.  Weighted Error Value: White=0.04 (flawless) /Black=0.02 (flawless)} 1/2-1/2